 Dungeon Crawl Stone Soup version 0.26.1-11-gd32895ea62 (webtiles) character file.

Game seed: 2869230680425885207

798 Almogavar the Slasher (level 7, -2/65 HPs)
             Began as a Palentonga Berserker on July 24, 2021.
             Was a Priest of Trog.
             Slain by a centaur (8 damage)
             ... on level 5 of the Dungeon.
             The game lasted 00:09:29 (4807 turns).

Almogavar the Slasher (Palentonga Berserker)        Turns: 4807, Time: 00:09:30

Health: -2/65      AC: 12    Str: 22    XL:     7   Next: 58%
Magic:  7/7        EV: 11    Int:  7    God:    Trog [***...]
Gold:   156        SH:  0    Dex: 10    Spells: 6/6 levels left

rFire    + . .     SeeInvis +   u - +7 dagger "Tormentor" {drain, rF+ Stlth+}
rCold    . . .     Faith    .   (no shield)
rNeg     . . .     Spirit   .   b - +0 animal skin
rPois    .         Reflect  .   (no helmet)
rElec    .         Harm     .   j - +0 cloak
rCorr    .         Rampage  .   (no gloves)
Will     .....                  (no barding)
Stlth    +++.......             (no amulet)
HPRegen  0.20/turn              i - ring of stealth
MPRegen  0.10/turn              (no ring)

@: berserk cooldown, slowed, curled up, very slow
A: large, rugged brown scales 3, see invisible, deformed body, roll 1, armoured
tail, reflexive curl
a: Rolling Charge, Renounce Religion, Berserk, Trog's Hand


You were on level 5 of the Dungeon.
You worshipped Trog.
Trog was most pleased with you.
You visited 1 branch of the dungeon, and saw 5 of its levels.

You collected 156 gold pieces.

Inventory:

Hand Weapons
 a - a +0 falchion
 u - the +7 dagger "Tormentor" (weapon) {drain, rF+ Stlth+}
   (You found it on level 4 of the Dungeon)

   A truly terrible weapon, it drains the life of those it strikes.
   It protects you from fire.
   It makes you more stealthy.
Armour
 b - a +0 animal skin (worn)
 f - a +0 ring mail
 j - a +0 cloak (worn)
 l - a +0 scale mail
 q - a +0 chain mail
Jewellery
 i - a ring of stealth (left hand)
Wands
 v - a wand of paralysis (7)
Scrolls
 c - 5 scrolls of remove curse
 e - 4 scrolls of teleportation
 k - a scroll of fear
 o - a scroll of magic mapping {unknown}
 r - a scroll of fog {unknown}
 t - a scroll of enchant weapon {unknown}
Potions
 d - 4 potions of curing
 g - a potion of heal wounds
 h - a potion of magic
 n - a potion of lignification
 p - a potion of might {unknown}
 s - a potion of attraction {unknown}
 x - a potion of brilliance {unknown}


   Skills:
 + Level 5.1 Fighting
 + Level 1.4(4.3) Short Blades
 + Level 6.6(6.7) Long Blades
 + Level 1.6 Armour
 + Level 3.6 Dodging


You had 6 spell levels left.
You didn't know any spells.
Your spell library was empty.

Dungeon Overview and Level Annotations

Branches:
Dungeon (5/15)             Temple (0/1) D:4

Altars:
Ashenzari
Dithmenos
Fedhas
Trog


Innate Abilities, Weirdness & Mutations

You are completely covered in rugged brown scales. (AC +3, +7% HP)
You have supernaturally acute eyesight. (SInv)
Armour fits poorly on your strangely shaped body.
You can roll at nearby foes to attack.
You have a long armoured tail.
You curl defensively after being hit.


Message History

You kill the howler monkey!
Trog accepts your kill.
Your skin stops crawling.
You feel less strong-willed.
You feel a strong urge to attack something.
You are no longer berserk.
You are exhausted.
You feel yourself slow down.
The centaur unwields a +0 shortbow.
The centaur closely misses you.
You closely miss the centaur.
The centaur hits you but does no damage.
You barely miss the centaur. The centaur completely misses you.
The centaur hits you.
* * * LOW HITPOINT WARNING * * *
You hit the centaur but do no damage. The centaur barely misses you.
The centaur hits you but does no damage.
A worker ant comes into view.
You hit the centaur. You tail-slap the centaur!
The centaur is heavily wounded.
The centaur hits you!
You die...

#.# ... ..# # ...#.# .#.
### ....#.# .... #.#.#.#
...#
############.#.#.##.#.##
................(.......
....#######.............
....# #(....c.?.$# ....#
#.....@$...#.. ....#
#(...†.)...... ....#
##(..)()...... ....#
#.)####...... ##### #...
...### ..B... .....
#.##.### ##### #. ..o #
.##


You could see a centaur and a worker ant.

Vanquished Creatures
  An ice beast (D:5)
  An ogre (D:4)
  A centaur (D:5)
  A wyvern skeleton (D:5)
  2 howler monkeys
  3 orc wizards (D:5)
  An orc priest (D:4)
  2 iguanas (D:4)
  2 worker ants
  3 adders
  4 gnolls (D:3)
  2 oozes
  An adder zombie (D:2)
  An adder skeleton (D:2)
  2 worms
  5 leopard geckos
  11 orcs
  A bat skeleton (D:2)
  2 bat zombies (D:2)
  7 giant cockroaches
  9 hobgoblins
  9 jackals
  6 kobolds
  3 quokkas (D:3)
  A ball python (D:2)
  10 bats
  4 frilled lizards
  2 giant cockroach zombies (D:2)
  5 goblins
  A jackal skeleton (D:4)
  A leopard gecko skeleton (D:2)
  A quokka skeleton (D:2)
  6 rats
111 creatures vanquished.

Vanquished Creatures (others)
  6 withered plants (D:2)
6 creatures vanquished.

Grand Total: 117 creatures vanquished

Notes
Turn   | Place    | Note
-------+----------+-------------------------------------------
     0 | D:1      | Almogavar the Palentonga Berserker began the quest for the
                  | Orb.
     0 | D:1      | Reached XP level 1. HP: 20/20 MP: 1/1
    50 | D:1      | Reached XP level 2. HP: 23/27 MP: 2/2
   901 | D:2      | Reached XP level 3. HP: 33/33 MP: 3/3
   916 | D:2      | Reached ** piety under Trog
  1148 | D:2      | Found a blossoming altar of Fedhas.
  1308 | D:2      | Reached XP level 4. HP: 42/42 MP: 4/4
  1464 | D:2      | Reached skill level 4 in Long Blades
  2231 | D:3      | Reached XP level 5. HP: 31/49 MP: 5/5
  2458 | D:3      | Found a broken altar of Ashenzari.
  2805 | D:3      | Found a shadowy altar of Dithmenos.
  2813 | D:3      | Found a bloodstained altar of Trog.
  3011 | D:4      | Noticed an ogre
  3020 | D:4      | Killed an ogre
  3021 | D:4      | Reached skill level 5 in Long Blades
  3261 | D:4      | Reached XP level 6. HP: 50/56 MP: 6/6
  3800 | D:4      | Found a staircase to the Ecumenical Temple.
  3969 | D:4      | Reached *** piety under Trog
  4389 | D:4      | Got a jewelled dagger
  4529 | D:4      | Identified the +7 dagger "Tormentor" {drain, rF+ Stlth+}
                  | (You found it on level 4 of the Dungeon)
  4559 | D:5      | Entered Level 5 of the Dungeon
  4610 | D:5      | Noticed an ice beast
  4612 | D:5      | Killed an ice beast
  4613 | D:5      | Gained mutation: You curl defensively after being hit.
                  | [Palentonga growth]
  4613 | D:5      | Reached XP level 7. HP: 56/64 MP: 7/7
  4635 | D:5      | Reached skill level 6 in Long Blades
  4789 | D:5      | Reached skill level 1 in Short Blades
  4795 | D:5      | Reached skill level 5 in Fighting
  4807 | D:5      | Slain by a centaur

Illustrated notes

Levels and vault maps discovered:
D:1:      scummos_arrival_simple_fountains, layout_loops_ring,
          ebering_dispersal_statue_hall
D:2:      layout_loops_ring, fedhas_altar_4, serial_undead, serial_undead_f,
          serial_undead_e, serial_undead_b, serial_undead_a
D:3:      layout_loops_cross, ashenzari_conservatory_becter,
          amethyst_overflow_temple_binary
D:4:      layout_loops_ring, minmay_temple_entry_proselytizer,
          roderic_serpentine_path
D:5:      layout_basic, serial_shops, shop, minmay_shop_grid_forest,
          abandoned_shop, trog_wizard

Skill      XL: |  1  2  3  4  5  6  7 |
---------------+----------------------+-----
Dodging        | 2 3 |  3.6
Long Blades    | 4 5 6 |  6.6
Fighting       | 4 5 |  5.1
Short Blades   | 1 |  1.4
Armour         | |  1.6

Action                   |  1- 3 |  4- 6 |  7- 9 || total
-------------------------+-------+-------+-------++-------
Melee: Falchion          |   103 |   149 |       ||   252
       Tailslap          |    12 |    31 |     7 ||    50
       Dagger            |       |     5 |    43 ||    48
Invok: Berserk           |     1 |     4 |     1 ||     6
       Trog's Hand       |       |     2 |     1 ||     3
 Abil: Rolling Charge    |    18 |    32 |     7 ||    57
  Use: Scroll            |     1 |     5 |     2 ||     8
Armor: Animal skin       |    39 |    52 |    12 ||   103
Dodge: Dodged            |    53 |    84 |    34 ||   171
       Rpst.: Falchion   |    16 |    26 |       ||    42
